 Dungeon Crawl Stone Soup version 0.31-a0-237-g2d982f9f85 (webtiles) character file.

Game seed: 6966980954496030924

52 qw the Shooter (level 3, -3/29 HPs)
             Began as a Minotaur Hexslinger on July 10, 2023.
             Slain by Natasha (7 damage)
             ... on level 2 of the Dungeon.
             The game lasted 00:00:28 (1387 turns).

qw the Shooter (Minotaur Hexslinger)                Turns: 1387, Time: 00:00:29

Health: -3/29      AC:  2    Str: 12    XL:     3   Next: 60%
Magic:  3/3        EV: 12    Int: 10    God:
Gold:   86         SH:  0    Dex: 14    Spells: 3/4 levels left

rFire   . . .        Y - +1 sling
rCold   . . .        (no shield)
rNeg    . . .        c - +0 robe
rPois   .            (helmet restricted)
rElec   .            (no cloak)
rCorr   .            (no gloves)
SInv    .            (no boots)
Will    .....        (no amulet)
Stlth   +            (no ring)
HPRegen 0.24/turn    (no ring)
MPRegen 0.08/turn

%: no passive effects
@: slowed, very slow
A: horns 2, retaliatory headbutt
a: no special abilities


You were on level 2 of the Dungeon.
You visited 1 branch of the dungeon, and saw 2 of its levels.

You collected 86 gold pieces.


Innate Abilities, Weirdness & Mutations

You have a pair of horns on your head.
You reflexively headbutt those who attack you in melee.


   Skills:
 - Level 2.0 Fighting
 + Level 4.1 Ranged Weapons
 - Level 2.1 Dodging
 - Level 1.0 Spellcasting
 - Level 2.0 Hexes


You had 3 spell levels left.
You knew the following spells:

 Your Spells              Type           Power      Damage    Failure   Level
a - Slow                  Hex            16%        N/A       16%         1

Your spell library contained the following spells:

 Spells                   Type           Power      Damage    Failure   Level
 Inner Flame              Hex/Fire       2%         N/A       56%         3
 Portal Projectile        Hex/Tloc       4%         N/A       56%         3
 Cause Fear               Hex            2%         N/A       83%         4

Inventory:

Hand Weapons
 Y - a +1 sling (weapon)
Armour
 c - a +0 robe (worn)
 i - a scarf of harm
Scrolls
 b - a scroll of enchant armour {unknown}
 d - a scroll of teleportation {unknown}
 g - a scroll of fear {unknown}
Potions
 a - a potion of curing {unknown}
 e - a potion of attraction {unknown}
 f - a potion of mutation {unknown}
 h - a potion of haste {unknown}

Dungeon Overview and Level Annotations

Branches:
Dungeon (2/15)

Altars:
Uskayaw

Annotations:
D:2 Natasha


Message History

You shoot a sling bullet. The sling bullet hits the goblin.
You kill the goblin!
Natasha, Servant of Life and Death comes into view.
Enter note: You shoot a sling bullet.
The sling bullet closely misses Natasha.
Natasha hisses angrily.
Natasha casts a spell.
You shoot a sling bullet.
The sling bullet barely misses the cerulean imp.
The sling bullet completely misses Natasha.
You shoot a sling bullet.
The sling bullet hits the cerulean imp but does no damage.
You shoot a sling bullet.
The sling bullet misses the cerulean imp.
The cerulean imp hits you but does no damage.
You shoot a sling bullet.
The sling bullet closely misses Natasha.
Natasha casts a spell.
The cerulean imp hits you but does no damage.
You shoot a sling bullet. The sling bullet hits the cerulean imp.
The cerulean imp is lightly wounded.
The cerulean imp hits you from afar with a +0 spear.
The cerulean imp closely misses you. Natasha claws you!
You shoot a sling bullet. The sling bullet barely misses Natasha.
The cerulean imp hits you from afar with a +0 spear.
Natasha barely misses you.
The cerulean imp hits you but does no damage. x2
You shoot a sling bullet. The sling bullet hits Natasha!
Natasha is heavily wounded.
Natasha stares at you and mumbles some strange words.
You feel yourself slow down.
The cerulean imp hits you from afar with a +2 spear!
The cerulean imp hits you from afar with a +0 spear.
You shoot a sling bullet.
The sling bullet closely misses Natasha.
Natasha barely misses you. The cerulean imp closely misses you.
The cerulean imp hits you from afar with a +0 spear.
Natasha claws you!
You die...

### ..# # #.#
#.#### #.#
......### #.#
........# #.#
#......)###.#
.....5.@....#
#.....h.###.#
#......5# #.#
........###.#
#...........#
####>#..###.#
#.#..###.#
....^....#
#.######.#


You could see Natasha and 2 cerulean imps.

Vanquished Creatures
  Natasha (D:2)
  2 endoplasms (D:1)
  3 giant cockroaches (D:1)
  2 goblins (D:2)
  5 hobgoblins
  2 ball pythons (D:1)
  3 bats
  2 frilled lizards (D:1)
  4 kobolds
  3 rats (D:1)
27 creatures vanquished.

Notes
Turn   | Place    | Note
-------+----------+-------------------------------------------
     0 | D:1      | qw the Minotaur Hexslinger began the quest for the Orb.
     0 | D:1      | Reached XP level 1. HP: 16/16 MP: 1/1
     0 | D:1      | 0 ||| qw: Version: 0.3-a-52-g30416fa
     0 | D:1      | 0 ||| qw: Game counter: 5327
     0 | D:1      | 0 ||| qw: Melee chars always use a shield: true
     0 | D:1      | 0 ||| qw: God list: Okawaru
     0 | D:1      | 0 ||| qw: Allow faded altars: false
     0 | D:1      | 0 ||| qw: Do Orc after clearing Dungeon:15 true
     0 | D:1      | 0 ||| qw: Do second Lair branch before Depths: true
     0 | D:1      | 0 ||| qw: Lair rune preference: random
     0 | D:1      | 0 ||| qw: Goals: Normal
     0 | D:1      | 0 ||| PLANNING D:1-11
   147 | D:1      | Reached skill level 3 in Ranged Weapons
   151 | D:1      | Reached XP level 2. HP: 23/23 MP: 2/2
   875 | D:1      | Found a hide-covered altar of Uskayaw.
   879 | D:1      | 879 ||| READING scroll labelled OSADDI DUUNIS.
   880 | D:1      | 880 ||| READING scroll labelled JIXO UJIJESHRAM.
   881 | D:1      | 881 ||| READING scroll labelled PIGENA OKEYK.
   882 | D:1      | 882 ||| READING scroll labelled TONTOQ CASM.
   983 | D:1      | 983 ||| DROPPING scroll of poison.
  1010 | D:2      | 1010 ||| STAIRDANCE
  1161 | D:2      | Noticed Natasha
  1166 | D:2      | Killed Natasha
  1167 | D:2      | Reached skill level 4 in Ranged Weapons
  1167 | D:2      | Reached XP level 3. HP: 15/29 MP: 3/3
  1378 | D:2      | Noticed Natasha
  1387 | D:2      | HP: 4/29 [cerulean imp/+0 spear[Natasha] (4)]
  1387 | D:2      | Slain by Natasha

Levels and vault maps discovered:
D:1:      dpeg_arrival_water_altar, layout_loops_corners
D:2:      layout_loops_ring, uniq_sigmund, uniq_natasha

Skill      XL: |  1  2 |
---------------+-------+-----
Ranged Weapons | 3 4 |  4.1
Fighting       | 2 |  2.0
Dodging        | |  2.1
Spellcasting   | |  1.0
Hexes          | |  2.0

Action                     || total
---------------------------++-------
   Fire: Sling             ||    97
    Use: Scroll            ||     4
 Armour: Robe              ||    11
  Dodge: Dodged            ||    27

Table legend:
 A = Non-vault XP
 B = Vault XP
 C = Vault XP percentage of total XP
 D = Non-vault monster count
 E = Vault monster count
 F = Vault count percentage of total count
                 A         B        C        D         E       F
            +---------+---------+-------+---------+---------+-------
      Total |      40 |      35 |  46.7 |      26 |       1 |   3.7
            +---------+---------+-------+---------+---------+-------
        D:1 |      28 |       0 |   0.0 |      19 |       0 |   0.0
        D:2 |      12 |      35 |  74.5 |       7 |       1 |  12.5
            +---------+---------+-------+---------+---------+-------
